Map: Zen LE

Players

Solar

  • Race: Zerg Zerg
  • Spawn Location: 7:00

INnoVation - Winner!

  • Race: Terran Terran
  • Spawn Location: 1:00

Event: IEM Katowice 2020

VOD

Have the link to the VOD?

Description

Time

  • Played on: Feb. 28, 2020, 6:22 a.m.
  • Length: 3:23

All games in this series

Show
View Real Time Build Order
Export as new Build Order

Solar Zerg 

Build Orders: Pool First 

Get SALT Encoding   

  12  0:01  Drone  
  13  0:12  Overlord  
  13  0:16  Drone  
  14  0:31  Drone x2  
  16  0:42  Extractor, Drone  
  16  0:46  Spawning Pool  
  15  0:51  Drone  
  16  1:01  Drone  
  17  1:07  Drone  
  18  1:22  Hatchery  
  17  1:31  Drone  
  19  1:32  Zergling x2  
  19  1:40  Queen  
  19  1:45  Zergling x2  
  22  1:54  Metabolic Boost  
  22  2:02  Spine Crawler  
  22  2:06  Overlord  
  21  2:09  Zergling x2  
  22  2:24  Zergling x2, Queen  
  22  2:26  Zergling x2  
  26  2:34  Zergling x4  
  25  2:46  Zergling x4  
  25  2:49  Zergling x2  
  27  2:56  Zergling x2  
  25  3:00  Zergling x2  
  25  3:02  Zergling x2  
Show
View Real Time Build Order
Export as new Build Order

INnoVation Terran - Winner!

Build Orders:  

Get SALT Encoding   

  12  0:00  SCV  
  13  0:12  SCV  
  14  0:18  Supply Depot  
  14  0:24  SCV  
  16  0:42  Barracks  
  15  0:51  Barracks  
  15  1:04  Barracks  
  15  1:09  SCV  
  16  1:21  SCV  
  17  1:30  Marine  
  18  1:33  Orbital Command  
  18  1:45  Supply Depot  
  18  1:46  Marine  
  19  1:47  Marine  
  19  1:51  Marine  
  22  2:04  Marine  
  22  2:06  Marine  
  22  2:09  Marine  
  22  2:12  SCV  
  24  2:20  Bunker  
  24  2:22  Marine  
  25  2:24  Marine  
  25  2:25  SCV  
  25  2:27  Marine  
  28  2:37  SCV  
  28  2:42  Marine x2  
  30  2:45  Marine  
  30  2:48  Supply Depot  
  31  3:03  Refinery  
  31  3:08  Refinery  
  31  3:10  SCV  

Tags
 
Add a new tag
Caveats
  • Supply blocks, unpowered buildings, or Contaminate may cause inaccurate times.
  • Supply counts are checked every 10 seconds.